 Dungeon Crawl Stone Soup version 0.18-a0-1805-g8ab820f (webtiles) character file.

27 warlockg3 the Chiller (level 2, 0/20 HPs)
             Began as a Draconian Ice Elementalist on Apr 26, 2016.
             Slain by Sigmund
             ... wielding a +0 scythe
              (1 damage)
             ... on level 2 of the Dungeon.
             The game lasted 00:03:15 (1307 turns).

warlockg3 the Chiller (Draconian Ice Elementalist)  Turns: 1307, Time: 00:03:16

Health: 0/20       AC:  6    Str: 10    XL:     2   Next: 93%
Magic:  5/5        EV: 13    Int: 15    God:
Gold:   73         SH:  0    Dex: 14    Spells: 1 memorised, 4 levels left

rFire  + . .     SeeInvis .     f - +0 spear (pierce)
rCold  . . .     Gourm    .     (armour unavailable)
rNeg   . . .     Faith    .     (no shield)
rPois  .         Spirit   .     (helmet restricted)
rElec  .         Dismiss  .     (no cloak)
rCorr  .         Reflect  .     (no gloves)
SustAt .         Harm     .     i - +1 pair of boots
MR     .....                    (no amulet)
Stlth  +.........               j - +3 ring of dexterity
                                c - ring of protection from fire

@: confused, not resistant to hostile enchantments, very unstealthy
A: unfitting armour, cold-blooded, AC +4
a: no special abilities


You were on level 2 of the Dungeon.
You were not hungry.

You visited 1 branch of the dungeon, and saw 2 of its levels.

You collected 73 gold pieces.

Inventory:

Hand Weapons
 f - a +0 spear of piercing (weapon)
Armour
 i - a +1 pair of boots (worn)
Jewellery
 c - a ring of protection from fire (left hand)
 j - a +3 ring of dexterity (right hand)
Scrolls
 h - a scroll of amnesia {unknown}
Potions
 g - a potion of cancellation {unknown}
 k - a potion of flight {unknown}
Books
 a - a book of Frost

   Spells                             Type                      Level
   a - Freeze                         Ice                          1
   b - Throw Frost                    Conjuration/Ice              2
   c - Ozocubu's Armour               Charms/Ice                   3
   d - Throw Icicle                   Conjuration/Ice              4
   e - Summon Ice Beast               Ice/Summoning                4
Comestibles
 b - a bread ration
 d - a beef jerky


   Skills:
 * Level 0.4 Polearms
 + Level 2.4 Dodging
 + Level 1.7 Stealth
 + Level 2.1 Spellcasting
   Level 1.0 Conjurations
 + Level 3.4 Ice Magic


You had 4 spell levels left.
You knew the following spells:

 Your Spells              Type           Power        Failure   Level  Hunger
a - Freeze                Ice            ##..         8%          1    #......


Dungeon Overview and Level Annotations

Branches:
Dungeon (2/15)

Altars:

Annotations:
D:2 Sigmund


Innate Abilities, Weirdness & Mutations

Your plain brown scales are hard (AC +4).
Your body does not fit into most forms of armour.
You are cold-blooded and may be slowed by cold attacks.


Message History

It was a potion of curing.
You feel better.
You barely miss something. Something hits you.
* * * LOW HITPOINT WARNING * * *
You miss something. Something hits you.
* * * LOW HITPOINT WARNING * * *
You hit something. You closely miss something. Something barely misses you.
You miss something. You tail-slap something.
You hear some strange, mumbled words.
You are confused.
Something hits you.
* * * LOW HITPOINT WARNING * * *
You bump into the rock wall.
You hear some strange, mumbled words.
You are more confused.
You bump into the rock wall.
You hear some strange, mumbled words.
You are more confused.
Something hits you.
You die...

############ #..........#
# #.#####.#### .#
#.#####.#########.#
.............@....#####
#.###.#.#####.........#
#.# #.#.#####..{$.....#
#.###......##.........#
#..........##.........#
#..........##.........?
#.......[..##..........
#.###......##..........
####.....#.###.#......###.


There were no monsters in sight!

Vanquished Creatures
  2 giant geckos (D:1)
  A giant cockroach (D:1)
  8 goblins (D:1)
  3 hobgoblins (D:1)
  2 kobolds (D:1)
  2 bats (D:1)
  A giant newt (D:1)
  3 rats
22 creatures vanquished.

Vanquished Creatures (others)
  A giant newt (D:1)
1 creature vanquished.

Grand Total: 23 creatures vanquished

Notes
Turn   | Place    | Note
--------------------------------------------------------------
     0 | D:1      | warlockg3 the Draconian Ice Elementalist began the quest for the Orb.
     0 | D:1      | Reached XP level 1. HP: 14/14 MP: 3/3
    89 | D:1      | Reached XP level 2. HP: 17/20 MP: 5/5
  1275 | D:2      | Noticed Sigmund
  1304 | D:2      | HP: 1/20 [something (3)]
  1307 | D:2      | Slain by Sigmund

Vault maps used:
D:1:      dpeg_arrival_line_fractal, minivault_11, lemuel_flame_loot_1
D:2:      wad_pebble_path, minmay_cupped, uniq_robin, uniq_sigmund

Skill      XL: |  1 |
---------------+----+-----
Dodging        | 2 |  2.4
Polearms       | |  0.4
Stealth        | |  1.7
Spellcasting   | |  2.1
Conjurations   | |  1.0
Ice Magic      | |  3.4

Action                   || total
-------------------------++-------
Melee: Unarmed           ||    24
       Spear             ||    70
       Tailslap          ||     6
 Cast: Freeze            ||     4
  Use: Potion            ||     1
 Stab: Sleeping          ||     1
  Eat: Chunk             ||     1
Armor: Skin              ||    26
Dodge: Dodged            ||    59
